 Dungeon Crawl Stone Soup version 0.30-a0-860-g512cf1e979 (webtiles) character file.

Game seed: 17284950010836381367

232286 browni3141 the Unseen (level 19, -8/114 HPs)
             Began as a Kobold Artificer on Mar 8, 2023.
             Was a Follower of Uskayaw.
             Blown up by a great orb of eyes (47 damage)
             ... with a mindburst bolt
             ... on level 1 of the Vaults.
             The game lasted 01:43:48 (41912 turns).

browni3141 the Unseen (Kobold Artificer)           Turns: 41912, Time: 01:43:49

Health: -8/114     AC: 20    Str: 12    XL:     19   Next: 82%
Magic:  31/31      EV: 27    Int: 20    God:    Uskayaw [*.....]
Gold:   568        SH: 21    Dex: 30    Spells: 20/22 levels left

rFire   + . .      SeeInvis .    a - +4 rapier (elec)
rCold   + . .      Faith    .    O - +0 kite shield
rNeg    . . .      Spirit   .    R - +5 ring mail of Charity {Regen+ Int+8 Dex+3 Stlth-}
rPois   +          Reflect  +    v - +1 helmet of the Countless Emperors {Rampage rPois rF-}
rElec   +          Rampage  +    G - +2 cloak
rCorr   +                        p - +1 pair of gloves
Will    ++...                    d - +1 pair of boots "Joywk" {Will+ rCorr}
Stlth   +++++++                  S - amulet of reflection
HPRegen 1.19/turn                m - +6 ring of dexterity
MPRegen 0.22/turn                D - ring of protection from fire

@: resistant, studying 2 skills
A: small, no large weapons, nightstalker 3
}: 2/15 runes: barnacled, gossamer
a: Renounce Religion, Stomp


You were on level 1 of the Vaults.
You worshipped Uskayaw.
Uskayaw was most pleased with you.
You visited 7 branches of the dungeon, and saw 32 of its levels.

You collected 3675 gold pieces.
You spent 3107 gold pieces at shops.

Inventory:

Hand Weapons
 a - a +4 rapier of electrocution (weapon)
 b - a +1 eveningstar of protection
Missiles
 q - 6 throwing nets
 Y - 7 curare-tipped darts
Armour
 d - the +1 pair of boots "Joywk" (worn) {Will+ rCorr}
   (You found it on level 4 of the Shoals)

   rCorr:     It protects you from acid and corrosion.
   Will:      It increases your willpower.
 p - a +1 pair of gloves (worn)
 v - the +1 helmet of the Countless Emperors (worn) {Rampage rPois rF-}
   (You took it off Robin on level 3 of the Dungeon)

   rF:        It makes you vulnerable to fire.
   rPois:     It protects you from poison.
   Rampage:   It bestows one free step when moving towards enemies.
 G - a +2 cloak (worn)
 O - a +0 kite shield (worn)
 R - the +5 ring mail of Charity (worn) {Regen+ Int+8 Dex+3 Stlth-}
   (You found it on level 2 of the Lair of Beasts)

   Int:       It affects your intelligence (+8).
   Dex:       It affects your dexterity (+3).
   Regen:     It increases your rate of health regeneration.
   Stlth:     It makes you less stealthy.
Jewellery
 g - a +6 ring of intelligence
 m - a +6 ring of dexterity (left hand)
 D - a ring of protection from fire (right hand)
 H - a +6 ring of strength
 I - an amulet of guardian spirit
 M - a ring of see invisible
 Q - a ring of resist corrosion
 S - an amulet of reflection (around neck)
Wands
 i - a wand of polymorph (3)
 u - a wand of digging (13)
 C - a wand of paralysis (16)
 W - a wand of quicksilver (5)
Scrolls
 f - 2 scrolls of vulnerability
 h - 4 scrolls of immolation
 n - 6 scrolls of fog
 r - 12 scrolls of teleportation
 y - 8 scrolls of identify
 B - 4 scrolls of magic mapping
 F - 3 scrolls of poison
 J - 5 scrolls of blinking
 K - 5 scrolls of noise
 L - 2 scrolls of amnesia
 P - 3 scrolls of fear
Potions
 c - a potion of resistance
 e - 4 potions of cancellation
 j - 11 potions of might
 k - 13 potions of haste
 l - 9 potions of curing
 s - 8 potions of brilliance
 t - 4 potions of mutation
 w - 6 potions of magic
 z - 16 potions of ambrosia
 A - a potion of invisibility
 T - 3 potions of flight
 U - 4 potions of attraction
 V - 4 potions of berserk rage
 X - 5 potions of lignification
Miscellaneous
 o - a lightning rod (4/4)
 x - a phantom mirror
 E - a phial of floods
 Z - a condenser vane (inert)


   Skills:
 + Level 11.0 Fighting
 * Level 11.5 Short Blades
 - Level 14.0 Maces & Flails
 - Level 4.0 Armour
 * Level 14.7 Dodging
 * Level 19.0 Stealth
 - Level 14.0 Shields
 - Level 2.0 Spellcasting
 * Level 7.9 Translocations
 * Level 16.0 Invocations
 - Level 8.0 Evocations


You had 20 spell levels left.
You knew the following spells:

 Your Spells              Type           Power      Damage    Failure   Level
a - Blink                 Tloc           66%        N/A       4%          2

Your spell library contained the following spells:

 Spells                   Type           Power      Damage    Failure   Level
 Lesser Beckoning         Tloc           66%        N/A       4%          2
 Momentum Strike          Conj/Tloc      34%        3d8       24%         2
 Foxfire                  Conj/Fire      8%         2x1d4     63%         1
 Freeze                   Ice            8%         1d3       63%         1
 Kiss of Death            Conj/Necr      8%         2d6       63%         1
 Sandblast                Erth           4%         2d4       63%         1
 Slow                     Hex            8%         N/A       63%         1
 Sting                    Tmut/Pois      8%         1d3       63%         1
 Cigotuvi's Dreadful Rot  Necr/Pois/Air  4%         N/A       77%         2
 Passwall                 Tmut/Erth      1%         N/A       77%         2
 Poisonous Vapours        Pois/Air       4%         N/A       77%         2
 Scorch                   Fire           4%         2d5       77%         2
 Confusing Touch          Hex            2%         N/A       94%         3
 Frozen Ramparts          Ice            4%         1d1       94%         3
 Hailstorm                Conj/Ice       2%         3d3       94%         3
 Mephitic Cloud           Conj/Pois/Air  2%         N/A       94%         3
 Ozocubu's Armour         Ice            2%         N/A       94%         3
 Stone Arrow              Conj/Erth      4%         3d7       94%         3
 Vampiric Draining        Necr           2%         2d6       94%         3
 Summon Forest            Summ/Tloc      8%         N/A       99%         5
 Dispel Undead            Necr           2%         3d7       100%        4
 Flame Wave               Conj/Fire      2%         2d4       100%        4
 Leda's Liquefaction      Hex/Erth       1%         N/A       100%        4
 Olgreb's Toxic Radiance  Pois           2%         N/A       100%        4
 Petrify                  Tmut/Erth      2%         N/A       100%        4
 Summon Ice Beast         Ice/Summ       2%         N/A       100%        4
 Alistair's Intoxication  Tmut/Pois      1%         N/A       100%        5
 Borgnjor's Vile Clutch   Necr/Erth      1%         N/A       100%        5
 Fireball                 Conj/Fire      1%         3d3       100%        5
 Lee's Rapid Deconstruct  Erth           1%         3d4*      100%        5
 Metabolic Englaciation   Hex/Ice        1%         N/A       100%        5
 Summon Mana Viper        Hex/Summ       2%         N/A       100%        5
 Eringya's Noxious Bog    Tmut/Pois      1%         N/A       100%        6
 Simulacrum               Ice/Necr       1%         N/A       100%        6
 Starburst                Conj/Fire      1%         6d3       100%        6
 Statue Form              Tmut/Erth      1%         N/A       100%        6
 Summon Cactus Giant      Summ           1%         N/A       100%        6
 Monstrous Menagerie      Summ           1%         N/A       100%        7
 Ozocubu's Refrigeration  Ice            1%         4d7       100%        7
 Summon Hydra             Summ           1%         N/A       100%        7
 Death's Door             Necr           1%         N/A       100%        9


Dungeon Overview and Level Annotations

Branches:
Dungeon (15/15)            Temple (1/1) D:7            Lair (5/5) D:10
 Shoals (4/4) Lair:3       Spider (4/4) Lair:2        Slime (0/5) Lair:4
    Orc (2/2) D:11            Elf (0/3) Orc:2        Vaults (1/5) D:13
 Depths (0/4) D:15

Altars:
Ashenzari
Cheibriados
Dithmenos
Elyvilon
Fedhas
Gozag
Hepliaklqana
Kikubaaqudgha
Makhleb
Nemelex Xobeh
Okawaru
Qazlal
Ru
Sif Muna
Trog
Uskayaw
Vehumet
Wu Jian
Xom
Yredelemnul
Zin
The Shining One
Jiyva

Shops:
D:1 *(!   D:5 [   D:9 :   Orc:2 ((![*   Shoals:1 =

Portals:
Trove: D:12 (give +6 demon whip)

Annotations:
D:11 cforsyth's ghost, journeyman DEEE; patfeehan111222's ghost, journeyman MiBe; tarna41's ghost, journeyman MiBe
Lair:2 1 runed translucent door, Etsiony's ghost, novice TrTm
Spider:1 2 transporters, Hubjo's ghost, journeyman DsFE


Innate Abilities, Weirdness & Mutations

You are small and have problems with some larger weapons.
You are completely attuned to the shadows.


Message History

You hit the deep troll.
The deep troll is severely wounded.
The deep troll is engulfed in freezing vapours.
You kill the deep troll!
The troll leather armour is intact enough to wear.
The vault sentinel is engulfed in freezing vapours.
The vault sentinel casts a spell at you.
You barely resist.
The great orb of eyes is engulfed in freezing vapours.
The ironbound convoker is engulfed in freezing vapours.
The ironbound convoker gestures at the great orb of eyes while chanting.
The great orb of eyes seems to grow stronger.
Your Stealth skill increases to level 19!
Unknown command.
Unknown command.
You puncture the vault sentinel!
You kill the vault sentinel!
The ice encasing you melts away.
Uskayaw will force your foes to helplessly watch your dance.
Uskayaw prepares the audience for your solo!
Unknown command.
Unknown command.
Unknown command.
Really rampage into that cloud of freezing vapour?
Okay, then.
The ironbound convoker is engulfed in freezing vapours.
The ironbound convoker is engulfed in freezing vapours.
You kill the ironbound convoker!
You start resting.
A great orb of eyes is nearby!
You start resting.
A great orb of eyes is nearby!
You hit the great orb of eyes.
The great orb of eyes is heavily wounded.
You block the great orb of eyes's attack.
You puncture the great orb of eyes!
The great orb of eyes is severely wounded.
The great orb of eyes gazes at you.
Your mind is blasted!
You die...

##+########
#..#..#...# ...#
#..#..'...# .p..
#..#..#...#
#...###○##'#...#
#..G[G[....##'##
#.).#)##G..#..######
#...#..#@..#..#.##.#
#p..#..#...#####..##
#....#####..#.[##..##
#...##...#..'..'.##.#
#...#..#..######
#..†#†.####
#..†'.)...#
#####)#####
#.....#...###


You could see a great orb of eyes (strong).

Vanquished Creatures
  Nikola (Shoals:1)
  Jorgrun (Spider:2)
  Rupert (D:13)
  A kraken (Shoals:1)
  Ilsuiw (Shoals:2)
  An emperor scorpion (Spider:4)
  7 ghost moths
  An ironbound preserver (Vaults:1)
  A broodmother (Spider:3)
  Nessos (D:13)
  A merfolk javelineer (Shoals:1)
  2 ettins (Orc:1)
  4 spark wasps
  2 entropy weavers
  2 fire dragons
  7 merfolk impalers
  2 yaktaur captains (Vaults:1)
  A great orb of eyes (D:13)
  4 jorogumos
  8 hydras
  A two-headed ogre (D:12)
  4 merfolk aquamancers
  2 merfolk avatars
  2 ironbound frosthearts (Vaults:1)
  6 centaur warriors
  An alligator snapping turtle (Shoals:4)
  2 radroaches
  A boulder beetle (Spider:4)
  5 satyrs
  4 death yaks (Lair:4)
  A death scarab (Spider:3)
  2 tengu warriors (D:14)
  An orc high priest (Orc:1)
  Sonja (D:12)
  Urug (D:13)
  8 skysharks
  Amaemon (D:8)
  7 sea snakes
  A sun moth (Spider:2)
  4 pharaoh ants
  6 deep trolls (Vaults:1)
  14 skeletal warriors
  14 orb spiders
  3 wizards
  A wolf spider zombie (D:13)
  7 harpies
  22 wolf spiders
  4 orc knights
  2 deep elf pyromancers
  8 steelbarb worms
  3 ironbound convokers (Vaults:1)
  A lindwurm (Lair:5)
  8 ugly things
  15 elephants (Lair:5)
  13 manticores
  8 cyclopes
  10 fauns (Shoals:4)
  An oklob plant (Lair:4)
  3 moths of wrath
  11 orc sorcerers
  12 black mambas
  11 demonic crawlers
  6 merfolk sirens
  9 centaur zombies (D:13)
  A vault sentinel (Vaults:1)
  13 cane toads
  2 molten gargoyles (Lair:5)
  A gargoyle (D:6)
  6 torpor snails
  An orange demon (D:8)
  3 water nymphs
  Maggie (D:7)
  Joseph (D:7)
  8 komodo dragons
  4 rime drakes (Lair:3)
  2 efreet (D:15)
  A yaktaur (D:15)
  5 kobold demonologists
  A queen bee (Lair:2)
  8 trolls
  33 merfolk
  9 meliai
  3 wind drakes
  3 polar bears
  Grinder (D:3)
  Prince Ribbit (D:8)
  4 hornets (D:11)
  21 tarantellas
  9 blink frogs (Lair:5)
  5 large abominations (D:14)
  9 snapping turtles
  11 dream sheep
  23 jumping spiders
  Sigmund (D:3)
  29 culicivoras
  2 meliai zombies (D:13)
  10 slime creatures
  A centaur simulacrum (D:14)
  14 water elementals
  4 shadows
  A slime creature (shapeshifter) (D:15)
  25 yaks
  3 vampires
  8 basilisks
  4 wraiths
  7 wyverns
  A human (shapeshifter) (D:15)
  16 humans (D:13)
  47 redbacks
  5 vampire mosquitoes
  7 small abominations (D:14)
  A steam dragon (Lair:5)
  2 acid dragons (D:12)
  2 wargs
  4 hell hounds (Lair:5)
  A floating eye (D:11)
  Duvessa (D:6)
  17 water moccasins
  2 ice beasts
  26 orc warriors
  A sky beast (D:6)
  A black bear (D:4)
  5 wolves (Lair:5)
  3 ogres
  5 centaurs
  3 kobold brigands
  10 bullfrogs
  7 scorpions
  Blork the orc (D:6)
  Dowan (D:6)
  3 wights (D:9)
  27 killer bees
  6 electric eels
  4 crimson imps (D:8)
  4 lava snakes (Lair:5)
  7 hounds
  5 jellies
  17 orc priests
  3 sleepcaps
  Crazy Yiuf (D:7)
  2 gnoll boudas
  36 orc wizards
  6 hell rats (Lair:3)
  Robin (D:3)
  4 gnolls (D:5)
  6 adders
  2 shadow imps (D:8)
  4 white imps
  2 worms (Lair:2)
  5 dart slugs
  62 orcs
  3 endoplasms
  4 giant cockroaches
  20 goblins
  8 hobgoblins
  2 jackals (D:2)
  4 quokkas
  6 ball pythons
  9 bats
  3 frilled lizards (D:1)
  24 kobolds
  3 rats
1057 creatures vanquished.

Vanquished Creatures (collateral kills)
  Erolcha (Orc:2)
  2 orb spiders
  A merfolk siren (Shoals:2)
  A basilisk (Lair:5)
  A redback (Spider:4)
  A hell hound (Lair:5)
  2 killer bees (Lair:2)
  An orc priest (D:7)
10 creatures vanquished.

Vanquished Creatures (others)
  A merfolk javelineer (Shoals:4)
  A hydra (Lair:2)
  A wolf spider (Spider:1)
  A cane toad (Lair:2)
  A redback (Vaults:1)
  A basilisk (Lair:2)
  An orc warrior (D:5)
  An orc (D:7)
  25 fungi
  214 plants
  4 withered plants (D:11)
251 creatures vanquished.

Grand Total: 1318 creatures vanquished

Notes
Turn   | Place    | Note
-------+----------+-------------------------------------------
     0 | D:1      | browni3141 the Kobold Artificer began the quest for the
                  | Orb.
     0 | D:1      | Reached XP level 1. HP: 12/12 MP: 1/1
    45 | D:1      | Found Moff's Distillery.
    73 | D:1      | Reached skill level 2 in Stealth
   170 | D:1      | Reached XP level 2. HP: 16/16 MP: 2/2
   196 | D:1      | Found Zithriust's Assorted Antiques.
   199 | D:1      | Reached skill level 3 in Stealth
   263 | D:1      | Found Paofun's Jewellery Shop.
   336 | D:1      | Found Ryusisan's Weapon Boutique.
   362 | D:1      | Reached XP level 3. HP: 19/20 MP: 3/3
   421 | D:1      | Reached skill level 4 in Stealth
   450 | D:1      | Found Megicoa's Distillery.
   538 | D:1      | Found a faded altar of an unknown god.
  1044 | D:1      | Bought a potion of curing for 42 gold pieces
  1069 | D:2      | Reached XP level 4. HP: 20/25 MP: 4/4
  1701 | D:3      | Noticed Grinder
  1854 | D:3      | Reached skill level 1 in Armour
  1857 | D:3      | Reached skill level 5 in Stealth
  1872 | D:3      | Reached XP level 5. HP: 30/30 MP: 5/5
  2130 | D:3      | Reached skill level 1 in Short Blades
  2256 | D:3      | Reached skill level 6 in Stealth
  2278 | D:3      | Reached XP level 6. HP: 35/35 MP: 6/6
  2420 | D:3      | Noticed Sigmund
  2442 | D:3      | Found Qust's Distillery.
  2443 | D:3      | Identified the +1 helmet of the Countless Emperors {Rampage
                  | rPois rF-}
  2443 | D:3      | Noticed Robin
  2473 | D:3      | Killed Robin
  2511 | D:3      | Bought a potion of might for 48 gold pieces
  2871 | D:3      | Killed Sigmund
  2872 | D:3      | Reached XP level 7. HP: 41/41 MP: 7/7
  2950 | D:1      | Bought a fuming cyan potion for 18 gold pieces
  2950 | D:1      | Bought a fizzy ruby potion for 18 gold pieces
  2950 | D:1      | Bought a fizzy ruby potion for 18 gold pieces
  3159 | D:3      | Killed Grinder
  3212 | D:4      | Reached XP level 8. HP: 32/46 MP: 8/8
  3637 | D:4      | Found a radiant altar of Vehumet.
  3670 | D:4      | Found an ancient bone altar of Kikubaaqudgha.
  4001 | D:5      | Entered Level 5 of the Dungeon
  4128 | D:5      | Found a shimmering blue altar of Sif Muna.
  4433 | D:5      | Found Ucicaot's Antique Armour Emporium.
  4995 | D:5      | Reached skill level 10 in Short Blades
  4995 | D:5      | Reached XP level 9. HP: 20/50 MP: 9/9
  5169 | D:5      | Reached skill level 5 in Evocations
  5542 | D:5      | Found a bloodstained altar of Trog.
  6056 | D:6      | Reached skill level 5 in Dodging
  6098 | D:6      | Reached skill level 7 in Stealth
  6470 | D:6      | Noticed Duvessa
  6471 | D:6      | Noticed Dowan
  6473 | D:6      | Killed Duvessa
  6488 | D:6      | Killed Dowan
  6493 | D:6      | Noticed Blork the orc
  6494 | D:6      | Killed Blork the orc
  6664 | D:6      | Noticed a gargoyle
  6669 | D:6      | Killed a gargoyle
  6670 | D:6      | Reached skill level 5 in Fighting
  6670 | D:6      | Reached skill level 8 in Stealth
  6670 | D:6      | Reached XP level 10. HP: 33/59 MP: 10/10
  6898 | D:7      | Reached skill level 9 in Stealth
  6900 | D:7      | Noticed Joseph
  6916 | D:7      | Killed Joseph
  6917 | D:7      | Reached skill level 10 in Stealth
  6923 | D:7      | Noticed Maggie
  7134 | D:7      | Paralysed by an orc priest for 4 turns
  7161 | D:7      | Found a staircase to the Ecumenical Temple.
  7184 | Temple   | Entered the Ecumenical Temple
  7400 | Temple   | Became a worshipper of Uskayaw the Reveller
  7563 | D:7      | Reached * piety under Uskayaw
  7573 | D:7      | Reached ** piety under Uskayaw
  7614 | D:7      | Reached *** piety under Uskayaw
  7639 | D:7      | Found an iron altar of Okawaru.
  7722 | D:7      | Found a runed translucent door.
  7725 | D:7      | Noticed Crazy Yiuf
  7855 | D:7      | Killed Maggie
  7907 | D:7      | Reached **** piety under Uskayaw
  8073 | D:7      | Killed Crazy Yiuf
  8301 | D:8      | Noticed an orange demon
  8302 | D:8      | Noticed Amaemon
  8655 | D:8      | Noticed Prince Ribbit
  8658 | D:8      | Killed Prince Ribbit
  8659 | D:8      | Reached skill level 1 in Invocations
  9035 | D:8      | Reached ***** piety under Uskayaw
  9050 | D:8      | Killed an orange demon
  9051 | D:8      | Reached XP level 11. HP: 64/64 MP: 11/13
  9052 | D:8      | Killed Amaemon
  9052 | D:8      | Reached ****** piety under Uskayaw
  9053 | D:8      | Reached skill level 5 in Invocations
  9660 | D:9      | Found Naiv's Self-Improvement Boutique.
 10111 | D:9      | Found an ornate altar of the Wu Jian Council.
 10518 | D:10     | Entered Level 10 of the Dungeon
 11142 | D:10     | Found a staircase to the Lair.
 11391 | D:11     | Reached skill level 1 in Shields
 11476 | D:11     | Found a staircase to the Orcish Mines.
 11562 | D:11     | Noticed a cyclops
 11564 | D:11     | Killed a cyclops
 11702 | D:11     | Noticed an orc sorcerer
 11774 | D:11     | Found a runed translucent gate.
 11774 | D:11     | Found a runed translucent gate.
 11775 | D:11     | Found a runed translucent gate.
 12006 | Lair:1   | Entered Level 1 of the Lair of Beasts
 12066 | Lair:1   | Reached skill level 10 in Invocations
 12075 | Lair:1   | Reached XP level 12. HP: 61/70 MP: 19/19
 12139 | Lair:1   | Reached skill level 5 in Shields
 12174 | Lair:1   | You fall into a shaft and drop 1 floor!
 12209 | Lair:2   | Noticed a four-headed hydra
 12592 | Lair:2   | Noticed a six-headed hydra
 12805 | Lair:2   | Killed a six-headed hydra
 12926 | Lair:2   | Found a hole to the Spider Nest.
 12934 | Lair:2   | Identified the +5 ring mail of Charity {Regen+ Int+8 Dex+3
                  | Stlth-}
 13133 | Lair:2   | Reached skill level 10 in Shields
 13211 | Lair:2   | Found a runed translucent door.
 13213 | Lair:2   | Noticed Etsiony's ghost (novice TrTm)
 13441 | Lair:2   | Noticed a five-headed hydra
 13505 | Lair:2   | Killed a five-headed hydra
 13667 | Lair:3   | Found a staircase to the Shoals.
 14019 | Lair:3   | Reached XP level 13. HP: 74/74 MP: 20/20
 14523 | Lair:4   | Found a viscous altar of Jiyva.
 14525 | Lair:4   | Found a staircase to the Slime Pits.
 15141 | Lair:4   | Found a burning altar of Makhleb.
 15258 | Lair:4   | Noticed a five-headed hydra
 15263 | Lair:4   | Killed a five-headed hydra
 15633 | Lair:4   | Found a burning altar of Makhleb.
 16734 | Lair:4   | Found a viscous altar of Jiyva.
 16736 | Lair:4   | Found a staircase to the Slime Pits.
 16827 | Lair:5   | Entered Level 5 of the Lair of Beasts
 17268 | Lair:5   | Reached XP level 14. HP: 32/80 MP: 0/22
 17474 | Lair:5   | Got Borgnjor's Verses on the Undead
 17507 | Lair:5   | Reached skill level 11 in Stealth
 17577 | Lair:5   | Identified the +8 arbalest of Bankruptcy {penet, *Corrode
                  | rElec rF+++ Will++}
 18581 | Lair:5   | Reached skill level 12 in Stealth
 18680 | Lair:5   | Found a large runed translucent door.
 18681 | Lair:5   | Found a large runed translucent door.
 19422 | Lair:5   | Reached skill level 10 in Dodging
 20799 | D:11     | Reached skill level 1 in Maces & Flails
 20877 | D:11     | Paralysed by an orc sorcerer for 4 turns
 20979 | D:11     | Noticed cforsyth's ghost (journeyman DEEE)
 20979 | D:11     | Noticed patfeehan111222's ghost (journeyman MiBe)
 20979 | D:11     | Noticed tarna41's ghost (journeyman MiBe)
 21205 | Orc:1    | Entered Level 1 of the Orcish Mines
 21275 | Orc:1    | Reached XP level 15. HP: 67/89 MP: 11/24
 21502 | Orc:2    | Entered Level 2 of the Orcish Mines
 21594 | Orc:2    | Noticed Erolcha
 21608 | Orc:2    | Killed Erolcha
 21702 | Orc:2    | Reached skill level 5 in Maces & Flails
 21784 | Orc:1    | You fall into a shaft and drop 1 floor!
 22021 | Orc:2    | Found Nithu's Antique Armour Shop.
 22022 | Orc:2    | Found Duichob's Antique Weapon Boutique.
 22024 | Orc:2    | Found Yfraill's Weapon Boutique.
 22024 | Orc:2    | Found Melih's Distillery.
 22269 | Orc:2    | Found Bunasucia's General Store.
 22275 | Orc:2    | Bought a wand of paralysis (2) for 57 gold pieces
 22308 | Orc:2    | Found a staircase to the Elven Halls.
 22541 | Orc:2    | Bought a lightning rod (4/4) for 360 gold pieces
 23074 | D:12     | Identified the +3 war axe of Blood {venom, Drain rPois
                  | Str+7 Stlth+}
 23719 | D:12     | Noticed Sonja
 23726 | D:12     | Killed Sonja
 23857 | D:12     | Found a portal to a secret trove of treasure.
 24774 | D:13     | Noticed Nessos
 24781 | D:13     | Noticed Rupert
 24791 | D:13     | Paralysed by a great orb of eyes for 3 turns
 24793 | D:13     | Noticed Urug
 24797 | D:13     | Killed Rupert
 24799 | D:13     | Reached skill level 10 in Maces & Flails
 24805 | D:13     | Killed Urug
 24805 | D:13     | Killed Nessos
 24828 | D:13     | Found a gate to the Vaults.
 25038 | D:13     | Reached skill level 13 in Stealth
 25038 | D:13     | Reached XP level 16. HP: 65/94 MP: 25/25
 26156 | D:14     | Reached skill level 14 in Stealth
 27244 | D:14     | Identified the +5 glaive "Gusu" {protect, rPois Str+4
                  | Int-2}
 27300 | D:15     | Entered Level 15 of the Dungeon
 27683 | D:15     | Found a transporter.
 27687 | D:15     | Found a transporter.
 27687 | D:15     | Found a transporter.
 27795 | D:15     | Reached skill level 15 in Stealth
 27870 | D:15     | Found a transporter.
 28066 | D:15     | Found a staircase to the Depths.
 28866 | Spider:1 | Entered Level 1 of the Spider Nest
 29971 | Spider:3 | Reached XP level 17. HP: 77/99 MP: 22/26
 30130 | Spider:4 | Entered Level 4 of the Spider Nest
 30165 | Spider:4 | Learned a level 2 spell: Blink
 30335 | Spider:4 | Reached skill level 1 in Spellcasting
 30335 | Spider:4 | Reached skill level 1 in Translocations
 30709 | Spider:4 | Got a gossamer rune of Zot
 32353 | Spider:2 | Noticed Jorgrun
 32374 | Spider:2 | Killed Jorgrun
 32379 | Spider:2 | HP: 4/100 [culicivora (6)]
 33249 | Spider:1 | You fall into a shaft and drop 1 floor!
 33287 | Spider:1 | Reached XP level 18. HP: 83/105 MP: 24/28
 33712 | Spider:1 | Reached skill level 16 in Stealth
 33812 | Spider:1 | Found a transporter.
 33813 | Spider:1 | Found a transporter.
 34422 | Spider:1 | Noticed Hubjo's ghost (journeyman DsFE)
 35532 | Spider:4 | Reached skill level 10 in Fighting
 35717 | Shoals:1 | Entered Level 1 of the Shoals
 35745 | Shoals:1 | Found Piyth's Jewellery Emporium.
 35749 | Shoals:1 | Identified a scroll of acquirement
 36135 | Shoals:1 | Noticed a kraken
 36139 | Shoals:1 | Killed a kraken
 36193 | Shoals:1 | Reached skill level 15 in Invocations
 36392 | Shoals:1 | Noticed Nikola
 36398 | Shoals:1 | Killed Nikola
 36866 | Shoals:1 | Acquired a manual of Translocations
 36868 | Shoals:1 | Acquired a manual of Stealth
 37086 | D:3      | Bought a potion of mutation for 96 gold pieces
 37086 | D:3      | Bought a potion of berserk rage for 60 gold pieces
 37086 | D:3      | Bought a potion of curing for 36 gold pieces
 37086 | D:3      | Bought a potion of resistance for 120 gold pieces
 37086 | D:3      | Bought a potion of berserk rage for 60 gold pieces
 37086 | D:3      | Bought a potion of haste for 120 gold pieces
 37129 | D:1      | Bought a potion of curing for 42 gold pieces
 37129 | D:1      | Bought a potion of attraction for 42 gold pieces
 37129 | D:1      | Bought a potion of haste for 140 gold pieces
 37129 | D:1      | Bought a potion of mutation for 112 gold pieces
 37129 | D:1      | Bought a potion of might for 56 gold pieces
 37375 | Orc:2    | Bought a potion of curing for 51 gold pieces
 37375 | Orc:2    | Bought a potion of flight for 51 gold pieces
 37375 | Orc:2    | Bought a potion of lignification for 51 gold pieces
 37375 | Orc:2    | Bought 2 potions of heal wounds for 170 gold pieces
 37375 | Orc:2    | Bought a potion of might for 68 gold pieces
 37375 | Orc:2    | Bought a potion of flight for 51 gold pieces
 37375 | Orc:2    | Bought a potion of haste for 170 gold pieces
 37639 | D:1      | Bought a potion of invisibility for 112 gold pieces
 37639 | D:1      | Bought a potion of haste for 140 gold pieces
 37639 | D:1      | Bought a potion of haste for 140 gold pieces
 37639 | D:1      | Bought a potion of haste for 140 gold pieces
 37639 | D:1      | Bought a potion of curing for 42 gold pieces
 37639 | D:1      | Bought a potion of resistance for 140 gold pieces
 37639 | D:1      | Bought a potion of magic for 112 gold pieces
 37639 | D:1      | Bought a potion of haste for 140 gold pieces
 37639 | D:1      | Bought 2 potions of lignification for 84 gold pieces
 38046 | Shoals:2 | You fall into a shaft and drop 1 floor!
 38083 | Shoals:3 | Reached skill level 17 in Stealth
 38423 | Shoals:3 | Reached XP level 19. HP: 113/113 MP: 30/30
 38636 | Shoals:3 | Reached skill level 5 in Translocations
 39290 | Shoals:2 | Noticed Ilsuiw
 39326 | Shoals:2 | Killed Ilsuiw
 39954 | Shoals:4 | Entered Level 4 of the Shoals
 40120 | Shoals:4 | Identified the +8 longbow "Jisall" {drain, Dex+7 Stlth+}
 40180 | Shoals:4 | Identified the +1 pair of boots "Joywk" {Will+ rCorr}
 40474 | Shoals:4 | Reached skill level 18 in Stealth
 40496 | Shoals:4 | Got a barnacled rune of Zot
 41691 | Vaults:1 | Entered Level 1 of the Vaults
 41891 | Vaults:1 | HP: 5/114 [ironbound frostheart (7)]
 41900 | Vaults:1 | Reached skill level 19 in Stealth
 41912 | Vaults:1 | Blown up by a great orb of eyes

Illustrated notes

Levels and vault maps discovered:
D:1:      wander_arrival_desolate, layout_rooms, serial_shops,
          nicolae_shop_advertising_works [nicolae_subvault_shop_adworks],
          nicolae_shop_bloodbath_and_beyond, nicolae_lakefront_shop,
          nicolae_shop_statue_plus, nicolae_shop_behind_doors,
          shapermc_ecumenical_altar_mp_vishouse
D:2:      layout_basic
D:3:      layout_loops_ring, serial_shops, nicolae_shop_stone,
          nicolae_half_adder, uniq_robin, uniq_grinder, uniq_sigmund
D:4:      layout_basic, vehumet_crystals, mainiacjoe_overflow_alcove_1,
          chequers_serial_rivers_large_b, minmay_manual_mares
D:5:      layout_gridville, amcnicky_altar_gilded, trog_book, serial_shops, shop
D:6:      layout_gridville, serial_bayou, serial_bayou_pond_d,
          serial_bayou_lagoon_a, serial_bayou_pond_a, serial_bayou_lake_a,
          serial_bayou_pond_a, serial_bayou_crossing, minmay_misc_feat_columns,
          uniq_duvessa, uniq_blork_the_orc
D:7:      layout_basic, kennysheep_okawaru_gauntlet, temple_pool_b,
          dreamdust_gnoll_shepherd, uniq_maggie, uniq_crazy_yiuf_cottage,
          uniq_joseph
D:8:      layout_layer_cave, minmay_nine_imps, uniq_prince_ribbit1, uniq_amaemon
D:9:      layout_roguey, general_overflow_altar, serial_curves, eino_curves_03,
          eino_curves_04, nicolae_shop_self_help
D:10:     layout_basic, lair_entry_dummy
D:11:     hellmonk_paralyzer, layout_basic, orc_0_dummy,
          gammafunk_ghost_cemetery, minmay_crystal_room
D:12:     layout_irregular_city, serial_column_ruins, column_ruins_open_tiny,
          column_ruins_grid_2, column_ruins_columns_corner,
          column_ruins_open_tiny, column_ruins_grid_1, column_ruins_open_medium,
          enter_trove_6, uniq_sonja
D:13:     layout_roguey, david_vaults_3, serial_undead, serial_undead_c,
          serial_undead_a, serial_undead_f, serial_undead_a, serial_undead_e,
          serial_undead_e
D:14:     layout_layer_cave, minmay_strange_pillars, laboratory
D:15:     hangedman_depths_entry_try_elsewhere_first, layout_loops_ring,
          corexii_leaking_fountain, minmay_strange_pillars,
          nicolae_diode_intersection
Temple:   kb_temple_of_zot
Lair:1:   layout_loops_ring, minivault_19, grunt_megastairs_4,
          infiniplex_staircase_pool_2, lemuel_fruit_tree
Lair:2:   layout_misc_corridors, nicolae_spider_entry_non_spiders,
          ebering_ghost_reflecting_pool, special_room [special_room_bee]
Lair:3:   layout_loops_ring, elwin_shoals_entry_rooms, special_room
          [special_room_mythical_zoo], lemuel_fruit_fields
Lair:4:   layout_gridlike, minmay_slime_entry_oklob_enclosed, basic_altar,
          grunt_megastairs_1, infiniplex_staircase_pool
Lair:5:   cheibrodos_lair_end_hotspot, layout_big_grid
Shoals:1: layout_shoals, serial_shops, shop, uniq_nikola
Shoals:2: layout_shoals, uniq_ilsuiw
Shoals:3: layout_shoals, nicolae_shoals_elemental_ambush
Shoals:4: shoals_end_grunt_garden, layout_shoals
Spider:1: layout_cave_pods, nzn_ghost_randoct
Spider:2: layout_cave_pods, hellmonk_narrow_tunnel, uniq_jorgrun
Spider:3: layout_spider_delve, nicolae_spider_orb_run,
          hangedman_spider_tarantella_strand
Spider:4: grunt_spider_rune_island, nicolae_spider_circle_web
Orc:1:    layout_caves
Orc:2:    st_orc_mages, layout_caves, serial_shops, nicolae_shop_hallway_plus,
          uniq_erolcha
Vaults:1: v_alt_pattern_4, v_misc_27, v_rooms_2, vaults_standard_mumra_x,
          vaults_dpeg_ring, ontoclasm_vaults_eye,
          vaults_room_grunt_arrival_ludios, nicolae_vaults_stairing_the_circle,
          v_misc_17, nicolae_vaults_angled_halls,
          ontoclasm_vaults_decontamination, ontoclasm_vaults_shuriken,
          ontoclasm_vaults_idyll, vaults_mumra_chevron_long,
          layout_vaults_omnicross

Skill      XL: |  1  2  3  4  5  6  7  8  9 10 11 12 13 14 15 16 17 18 19 |
---------------+----------------------------------------------------------+-----
Stealth        | 2 3 4 5 6 8 10 12 13 15 17 19 | 19.0
Dodging        | 3 4 6 8 10 11 13 14 | 14.7
Fighting       | 2 3 5 6 8 9 10 11 | 11.0
Armour         | 1 3 4 |  4.0
Evocations     | 4 6 8 |  8.0
Short Blades   | 2 4 7 10 11 | 11.5
Invocations    | 3 10 12 13 15 16 | 16.0
Shields        | 4 12 14 | 14.0
Maces & Flails | 3 10 13 14 | 14.0
Spellcasting   | 2 |  2.0
Translocations | 4 7 |  7.9

Action                     |  1- 3 |  4- 6 |  7- 9 | 10-12 | 13-15 | 16-18 | 19-21 || total
---------------------------+-------+-------+-------+-------+-------+-------+-------++-------
  Melee: Club              |    12 |       |       |       |       |   462 |       ||   474
         Whip              |   127 |    49 |       |       |       |       |       ||   176
         Punch             |     1 |     4 |     1 |    12 |       |       |       ||    18
         Short sword       |       |    98 |   269 |   751 |  1772 |   896 |       ||  3786
         Eveningstar       |       |       |       |       |       |   307 |       ||   307
         Rapier            |       |       |       |       |       |   105 |   466 ||   571
   Cast: Blink             |       |       |       |       |       |     2 |     1 ||     3
 Invoke: Line Pass         |       |       |       |     3 |    12 |     5 |       ||    20
         Stomp             |       |       |       |     5 |    76 |    92 |    22 ||   195
         Grand Finale      |       |       |       |     1 |     4 |     1 |       ||     6
  Evoke: Wand              |       |     8 |    11 |    31 |    25 |    35 |     2 ||   112
         Phantom mirror    |       |       |       |       |     2 |     3 |     1 ||     6
         Lightning rod     |       |       |       |       |       |     4 |     5 ||     9
         Condenser vane    |       |       |       |       |       |       |     1 ||     1
    Use: Scroll            |       |       |    11 |     2 |    16 |    21 |     2 ||    52
         Potion            |       |       |       |     4 |     3 |    19 |    10 ||    36
   Stab: Sleeping          |    15 |    13 |    26 |    49 |    41 |   111 |    17 ||   272
         Distracted        |       |       |     1 |     5 |     4 |    40 |     7 ||    57
         Paralysed         |       |       |       |    37 |    56 |    46 |    12 ||   151
         Betrayed ally     |       |       |       |     1 |       |       |       ||     1
         Petrifying        |       |       |       |     1 |       |       |       ||     1
         Confused          |       |       |       |       |    12 |     5 |       ||    17
         Fleeing           |       |       |       |       |     1 |     1 |       ||     2
         Petrified         |       |       |       |       |     1 |       |       ||     1
         Invisible         |       |       |       |       |       |     3 |     3 ||     6
 Armour: Leather armour    |    37 |    15 |       |       |       |       |       ||    52
         Animal skin       |       |       |     8 |       |       |       |       ||     8
         Ring mail         |       |       |    36 |    91 |   185 |   294 |    67 ||   673
  Dodge: Dodged            |   111 |    91 |    64 |   287 |   497 |   935 |   255 ||  2240
  Block: Kite shield       |       |       |       |     7 |  1153 |  1777 |   455 ||  3392
         Reflection        |       |       |       |       |    11 |    11 |    33 ||    55

Table legend: (Time is in decaauts)
 A = Elapsed time spent in this place.
 B = Non-inter-level travel time spent in this place.
 C = Inter-level travel time spent in this place.
 D = Time resting spent in this place.
 E = Time spent auto-exploring this place.
 F = Levels seen in this place.
 G = Mean time per level.
                   A        B        C        D        E       F      G
               +--------+--------+--------+--------+--------+-----+--------+
         Total |  40393 |  36624 |   3769 |   2140 |  26712 |  32 | 1262.3 |
       Dungeon |  18496 |  16334 |   2162 |    616 |  12902 |  15 | 1233.1 |
        Temple |    238 |    217 |     21 |      0 |    201 |   1 |  238.0 |
          Lair |   8299 |   7643 |    656 |    539 |   5738 |   5 | 1659.8 |
        Shoals |   5278 |   4932 |    346 |    269 |   3414 |   4 | 1319.5 |
   Spider Nest |   6321 |   5911 |    410 |    652 |   3422 |   4 | 1580.2 |
  Orcish Mines |   1544 |   1372 |    172 |     59 |    882 |   2 |  772.0 |
        Vaults |    214 |    214 |      0 |      5 |    152 |   1 |  214.0 |
               +--------+--------+--------+--------+--------+-----+--------+

Top non-repeatable levels by time:
  Lair:5: 2405 daAuts
  Lair:4: 2320 daAuts
Spider:4: 1879 daAuts
Spider:3: 1844 daAuts
     D:5: 1652 daAuts
    D:14: 1578 daAuts
  Lair:2: 1533 daAuts
     D:8: 1527 daAuts
Shoals:3: 1463 daAuts
Shoals:4: 1445 daAuts
    D:11: 1377 daAuts
Spider:1: 1364 daAuts
Shoals:1: 1354 daAuts
    D:15: 1345 daAuts
    D:12: 1338 daAuts
